 Dungeon Crawl Stone Soup version 0.16.1-14-g82efdee (webtiles) character file.

128 KarvaRausku the Chopper (level 5, 0/41 HPs)
             Began as a Human Fighter on Apr 14, 2015.
             Slain by an orc wizard
             ... wielding a +0 dagger
              (2 damage)
             ... on level 3 of the Dungeon.
             The game lasted 00:02:42 (1917 turns).

KarvaRausku the Chopper (Human Fighter)             Turns: 1917, Time: 00:02:42

Health: 0/41       AC:  7    Str: 20    XL:     5   Next: 34%
Magic:  5/5        EV: 12    Int:  8    God:
Gold:   173        SH:  9    Dex: 15    Spells: 0 memorised, 4 levels left

rFire  . . .     SeeInvis .     a - +0 war axe
rCold  . . .     Clarity  .     b - +0 scale mail
rNeg   . . .     SustAb   .     c - +0 shield
rPois  .         Gourm    .     q - +0 helmet
rElec  .         Spirit   .     (no cloak)
rCorr  .         Warding  .     (no gloves)
rMut   .         Stasis   .     (no boots)
MR     .....                    (no amulet)
Stlth  +.........               (no ring)
                                (no ring)

@: agile, not resistant to hostile enchantments, very unstealthy
A: clumsy 1, spit poison 1, strong 1
a: Spit Poison


You were on level 3 of the Dungeon.
You were hungry.

You visited 1 branch of the dungeon, and saw 3 of its levels.

You collected 173 gold pieces.

Inventory:

Hand weapons
 a - a +0 war axe (weapon)
Armour
 b - a +0 scale mail (worn)
 c - a +0 shield (worn)
 q - a +0 helmet (worn)
Scrolls
 h - 6 scrolls of identify {unknown}
 j - 3 scrolls of fear {unknown}
 k - 2 scrolls of teleportation {unknown}
 l - a scroll of random uselessness {unknown}
 m - 2 scrolls of blinking {unknown}
 n - a scroll of immolation {unknown}
 r - a scroll of remove curse {unknown}
Potions
 e - 2 potions of might
 i - a potion of agility
Comestibles
 d - 4 bread rations
 f - a meat ration


   Skills:
 - Level 3.0 Fighting
 + Level 5.1 Axes
 - Level 3.0 Armour
 - Level 3.0 Shields


You had 4 spell levels left.
You didn't know any spells.

Dungeon Overview and Level Annotations

Branches:
Dungeon (3/15)

Altars:


Innate Abilities, Weirdness & Mutations

You are clumsy. (Dex -2)
You can spit poison.
Your muscles are strong. (Str +2)


Message History

You closely miss something. Something hits you but does no damage.
You hear some strange, mumbled words.
You feel troubled.
Unknown command.
Drink which item? (? for menu, Esc to quit)
It was a potion of mutation.
You feel extremely strange.
You feel stronger.
You feel clumsy.
There is a nasty taste in your mouth for a moment.
You hear some strange, mumbled words.
The magic dart hits you!
* * * LOW HITPOINT WARNING * * *
Drink which item? (? for menu, Esc to quit)
It was a potion of agility.
You feel agile all of a sudden. Something hits you.
* * * LOW HITPOINT WARNING * * *
Something hits you.
* * * LOW HITPOINT WARNING * * *
Something hits you.
You die...

.## ##...#.# .# #......# >#
#..)...# '## #.....## ..##
##.[.## ...#######.#####
....##.........#
.....#.##....#.######.#...#
.....+..........@.o)o......
.....#.##....#.########...#
...(##.###..##.#
...###.####.##.# ..##
#.........# +## ######.####
.# #.# .# #.# .## #.#


You could see 2 orcs.

Vanquished Creatures
  An orc priest (D:3)
  Robin (D:2)
  2 adders
  A shadow imp (D:3)
  2 worms
  An orc (D:3)
  4 ball pythons
  7 hobgoblins
  2 jackals (D:1)
  2 kobolds
  6 bats
  3 giant cockroaches
  5 giant newts
  12 goblins
  A quokka (D:2)
  4 rats (D:1)
  A toadstool (D:1)
55 creatures vanquished.

Vanquished Creatures (others)
  3 toadstools (D:1)
3 creatures vanquished.

Grand Total: 58 creatures vanquished

Notes
Turn   | Place    | Note
--------------------------------------------------------------
     0 | D:1      | KarvaRausku, the Human Fighter, began the quest for the Orb.
     0 | D:1      | Reached XP level 1. HP: 18/18 MP: 1/1
   196 | D:1      | Reached XP level 2. HP: 22/24 MP: 2/2
   619 | D:1      | Reached XP level 3. HP: 29/29 MP: 3/3
   979 | D:2      | Noticed Robin
   994 | D:2      | Killed Robin
   995 | D:2      | Reached skill level 4 in Axes
   995 | D:2      | Reached XP level 4. HP: 12/35 MP: 4/4
  1848 | D:3      | Reached XP level 5. HP: 37/41 MP: 5/5
  1905 | D:3      | Reached skill level 5 in Axes
  1914 | D:3      | Gained mutation: Your muscles are strong. (Str +2) [potion of mutation]
  1914 | D:3      | Gained mutation: You are clumsy. (Dex -2) [potion of mutation]
  1914 | D:3      | Gained mutation: You can spit poison. [potion of mutation]
  1915 | D:3      | HP: 2/41 [something (4)]
  1917 | D:3      | Slain by an orc wizard

Action                   |  1- 3 |  4- 6 || total
-------------------------+-------+-------++-------
Melee: War axe           |   124 |    55 ||   179
  Use: Potion            |       |     6 ||     6
  Eat: Chunk             |       |     3 ||     3
